 Dungeon Crawl Stone Soup version 0.30-a0-168-g0b976cbdc4 (webtiles) character file.

Game seed: 8347467944870251500

5513 qw the Cleaver (level 10, -2/64 HPs)
             Began as a Gargoyle Fighter on Sept 29, 2022.
             Slain by Harold
             ... wielding a +0 short sword
              (6 damage)
             ... on level 9 of the Dungeon.
             The game lasted 00:03:32 (9626 turns).

qw the Cleaver (Gargoyle Fighter)                   Turns: 9626, Time: 00:03:33

Health: -2/64      AC: 27    Str: 28    XL:     10   Next: 70%
Magic:  10/10      EV: 12    Int: 20    God:
Gold:   504        SH:  5    Dex: 14    Spells: 9/9 levels left

rFire   . . .      SeeInvis .    a - +1 broad axe of Facad {flame, rC+ Int+6}
rCold   + . .      Faith    .    c - +0 buckler
rNeg    + + .      Spirit   .    k - +0 plate armour
rPois   inf        Reflect  .    s - +2 helmet of Ru's Benevolence {Str+4 Dex+5}
rElec   +          Harm     .    b - +1 cloak
rCorr   .          Rampage  .    (no gloves)
Will    .....                    g - +0 pair of boots of Ethics {Int+5}
Stlth   ..........               (no amulet)
HPRegen 0.20/turn                e - ring of positive energy
MPRegen 0.12/turn                f - +4 ring of evasion

@: no status effects
A: sickness immunity, AC +7, negative energy resistance 1, electricity
resistance, torment resistance 1, petrification resistance
a: no special abilities


You were on level 9 of the Dungeon.
You visited 2 branches of the dungeon, and saw 10 of its levels.

You collected 504 gold pieces.


Innate Abilities, Weirdness & Mutations

You are immune to sickness and miasma.
Your stone body is resilient. (AC +7)
You are immune to poison.
You resist negative energy. (rN+)
You are resistant to electric shocks. (rElec)
You are resistant to unholy torment.
You are immune to petrification.


   Skills:
 - Level 8.1 Fighting
 + Level 10.8 Axes
 - Level 3.0 Throwing
 - Level 7.0 Armour
 - Level 2.0 Dodging
 - Level 5.0 Shields


You had 9 spell levels left.
You didn't know any spells.
Your spell library was empty.

Inventory:

Hand Weapons
 a - the +1 broad axe of Facad (weapon) {flame, rC+ Int+6}
   (You acquired it on level 1 of the Dungeon)

   It burns those it strikes, dealing additional fire damage.
   Big, fiery blades are also staple armaments of hydra-hunters.
   Int:       It affects your intelligence (+6).
   rC:        It protects you from cold.
Armour
 b - a +1 cloak (worn)
 c - a +0 buckler (worn)
 g - the +0 pair of boots of Ethics (worn) {Int+5}
   (You acquired it on level 1 of the Dungeon)

   Int:       It affects your intelligence (+5).
 k - a +0 plate armour (worn)
 s - the +2 helmet of Ru's Benevolence (worn) {Str+4 Dex+5}
   (You found it on level 5 of the Dungeon)

   Str:       It affects your strength (+4).
   Dex:       It affects your dexterity (+5).
Jewellery
 e - a ring of positive energy (left hand)
 f - a +4 ring of evasion (right hand)
Wands
 q - a wand of digging (7)
Scrolls
 j - a scroll of identify
 n - a scroll of teleportation
Potions
 d - a potion of might
 h - a potion of mutation {unknown}
 l - 3 potions of lignification
 m - 2 potions of haste
 o - a potion of curing
 p - a potion of resistance
 t - a potion of attraction {unknown}

Dungeon Overview and Level Annotations

Branches:
Dungeon (9/15)             Temple (1/1) D:7
   Lair: D:8-11         Orc: D:9-12

Altars:
Ashenzari
Cheibriados
Elyvilon
Fedhas
Gozag
Hepliaklqana
Kikubaaqudgha
Makhleb
Nemelex Xobeh
Ru
Sif Muna
Trog
Uskayaw
Vehumet
Wu Jian
Xom
Yredelemnul
Zin
The Shining One

Annotations:
D:3 1 runed translucent door, 2 transporters, Crazy Yiuf; qw's ghost, amateur GrFi
D:9 2 runed translucent doors, Harold


Message History

9615 ||| DRINKING potion of heal wounds.
You feel much better.
The orc priest looks braver for a moment.
Something hits you but does no damage.
The orc warrior hits you with a +0 hand axe.
You slice the orc priest!! You burn the orc priest.
You kill the orc priest!
You miss something. You barely miss the orc warrior.
The orc warrior hits you with a +0 hand axe.
You block something's attack.
An orc priest comes into view. It is wielding a +0 hand axe.
You closely miss the orc warrior.
The orc priest shouts!
You hit something. You burn something.
The orc warrior hits you but does no damage.
Something hits you but does no damage.
You slash the orc warrior! You burn the orc warrior.
The orc warrior is heavily wounded.
You closely miss something.
Your surroundings suddenly seem different.
A throwing net appears from out of thin air!
The throwing net hits you.
You become entangled in the net!
You see here a throwing net.
You struggle against the net.
You struggle against the net.
9622 ||| READING 2 scrolls of teleportation.
As you read the scroll of teleportation, it crumbles to dust.
You feel strangely unstable.
You struggle against the net.
The orc warrior hits you but does no damage.
You rip the net and break free!
The orc warrior hits you with a +0 hand axe.
You slice the orc warrior!! You burn the orc warrior.
You kill the orc warrior!
You slash something! You burn something. Something barely misses you.
You hit something but do no damage.
Your surroundings seem slightly different.
Something hits you.
You die...

##).####### ...#).........
......##)...####
.(........#..##
.o.........#..### .
.P...#......#..... # ......
#......#..!... #####
....####)..$..##......#....
........ยค.@..........^?..##
..............##...........
.............## .....###..
#............# .### ##..
####.#####..## #.##..# #..
#..# #...... #.. #....
......... #. ....##
.####.### #. #. #.. #


There were no monsters in sight!

Vanquished Creatures
  A two-headed ogre (D:6)
  Maggie (D:8)
  A hornet (D:8)
  A troll (D:9)
  3 yaks (D:9)
  Eustachio (D:5)
  A steam dragon (D:9)
  Menkaure (D:5)
  2 wargs (D:9)
  Duvessa (D:5)
  A sky beast (D:7)
  3 orc warriors
  A black bear (D:5)
  2 ogres (D:7)
  A centaur (D:8)
  4 kobold brigands
  A bullfrog (D:8)
  2 necrophages
  Blork the orc (D:4)
  3 scorpions
  A gnoll sergeant (D:8)
  8 wights
  Dowan (D:5)
  8 killer bees
  3 howler monkeys (D:7)
  2 jellies
  2 hounds (D:6)
  3 orc priests (D:9)
  2 orc wizards
  5 iguanas
  11 adders
  9 gnolls
  A shadow imp (D:6)
  An ufetubus (D:6)
  A worm (D:2)
  25 orcs
  5 endoplasms
  4 giant cockroaches
  13 goblins
  8 hobgoblins
  28 kobolds
  4 quokkas
  8 ball pythons
  6 bats
  4 frilled lizards
  6 rats
201 creatures vanquished.

Vanquished Creatures (others)
  2 plants (D:1)
2 creatures vanquished.

Grand Total: 203 creatures vanquished

Notes
Turn   | Place    | Note
-------+----------+-------------------------------------------
     0 | D:1      | qw the Gargoyle Fighter began the quest for the Orb.
     0 | D:1      | Reached XP level 1. HP: 14/14 MP: 1/1
     0 | D:1      | 0 ||| qw: Version: 0.2-a-12-gaebbb33
     0 | D:1      | 0 ||| qw: Game counter: 1143
     0 | D:1      | 0 ||| qw: Always use a shield: true
     0 | D:1      | 0 ||| qw: God list: Okawaru
     0 | D:1      | 0 ||| qw: Allow faded altars: false
     0 | D:1      | 0 ||| qw: Do Orc after D:15 true
     0 | D:1      | 0 ||| qw: Do second Lair branch before Depths: true
     0 | D:1      | 0 ||| qw: Lair rune preference: random
     0 | D:1      | 0 ||| qw: Plans: Normal, Zot:1-4, God:TSO, Crypt, Tomb,
                  | Pan, Slime:5, Hells, Abyss, Orb
     0 | D:1      | 0 ||| PLANNING D:1-11
    24 | D:1      | Reached skill level 2 in Axes
    28 | D:1      | 28 ||| Stepping ~*~*~tactically~*~*~ (stealth).
    29 | D:1      | 29 ||| Stepping ~*~*~tactically~*~*~ (stealth).
    43 | D:1      | 43 ||| Stepping ~*~*~tactically~*~*~ (stealth).
    58 | D:1      | Reached XP level 2. HP: 15/19 MP: 2/2
   138 | D:1      | 138 ||| Stepping ~*~*~tactically~*~*~ (stealth).
   162 | D:1      | 162 ||| Stepping ~*~*~tactically~*~*~ (stealth).
   511 | D:1      | Reached skill level 3 in Axes
   612 | D:1      | 612 ||| DROPPING +0 club.
   913 | D:1      | Reached XP level 3. HP: 23/23 MP: 3/3
  1125 | D:1      | 1125 ||| UPGRADING to ring of positive energy.
  1126 | D:1      | 1126 ||| READING 2 scrolls labelled SOYPSO VUKHEID.
  1126 | D:1      | Identified 2 scrolls of acquirement
  1126 | D:1      | 1126 ||| ACQUIRING +0 pair of boots of Ethics {Int+5}
  1126 | D:1      | Acquired the +0 pair of boots of Ethics {Int+5}
  1128 | D:1      | 1128 ||| UPGRADING to +0 pair of boots of Ethics {Int+5}.
  1133 | D:1      | 1133 ||| READING scroll of acquirement.
  1133 | D:1      | 1133 ||| ACQUIRING +1 broad axe of Facad {flame, rC+ Int+6}
  1133 | D:1      | Acquired the +1 broad axe of Facad {flame, rC+ Int+6}
  1135 | D:1      | 1135 ||| SWAPPING to +1 broad axe of Facad {flame, rC+
                  | Int+6}.
  1136 | D:1      | 1136 ||| DROPPING +0 mace.
  1137 | D:1      | 1137 ||| DROPPING +0 war axe.
  1138 | D:1      | 1138 ||| READING scroll labelled SYISSE FOZO.
  1139 | D:1      | 1139 ||| READING scroll labelled SOININ AMUM.
  1140 | D:1      | 1140 ||| READING scroll labelled ORCHUY FUMOSTAQ.
  1141 | D:1      | 1141 ||| READING scroll labelled UTWADA DYSOGH.
  1142 | D:1      | 1142 ||| READING scroll labelled ONTOME QACU.
  1155 | D:2      | 1155 ||| STAIRDANCE
  1236 | D:2      | 1236 ||| Stepping ~*~*~tactically~*~*~ (stealth).
  1266 | D:2      | Identified the +1 leather armour of the Sailor {Dex+4}
  1774 | D:2      | Reached XP level 4. HP: 28/28 MP: 4/4
  1909 | D:2      | Reached skill level 4 in Axes
  2007 | D:2      | 2007 ||| Stepping ~*~*~tactically~*~*~ (stealth).
  2015 | D:2      | 2015 ||| Stepping ~*~*~tactically~*~*~ (stealth).
  2080 | D:2      | Reached skill level 1 in Throwing
  2282 | D:2      | 2282 ||| DROPPING +1 leather armour of the Sailor {Dex+4}.
  2283 | D:2      | 2283 ||| READING scroll labelled WOQEOSH NUKK.
  2284 | D:2      | 2284 ||| READING 2 scrolls labelled GERAFE YLEFUSK.
  2287 | D:2      | 2287 ||| READING scroll labelled RALAZ GOVO.
  2288 | D:2      | 2288 ||| READING 2 scrolls of identify.
  2288 | D:2      | 2288 ||| IDENTIFYING fizzy ruby potion
  2289 | D:2      | 2289 ||| DROPPING potion of magic.
  2309 | D:2      | 2309 ||| STAIRDANCE
  2313 | D:2      | 2313 ||| STAIRDANCE
  2317 | D:2      | 2317 ||| STAIRDANCE
  2321 | D:2      | 2321 ||| STAIRDANCE
  2325 | D:2      | 2325 ||| STAIRDANCE
  2329 | D:2      | 2329 ||| STAIRDANCE
  2333 | D:2      | 2333 ||| STAIRDANCE
  2337 | D:2      | 2337 ||| STAIRDANCE
  2341 | D:2      | 2341 ||| STAIRDANCE
  2345 | D:2      | 2345 ||| STAIRDANCE
  2349 | D:2      | 2349 ||| STAIRDANCE
  2353 | D:2      | 2353 ||| STAIRDANCE
  2357 | D:2      | 2357 ||| STAIRDANCE
  2361 | D:2      | 2361 ||| STAIRDANCE
  2365 | D:2      | 2365 ||| STAIRDANCE
  2369 | D:2      | 2369 ||| STAIRDANCE
  2373 | D:2      | 2373 ||| STAIRDANCE
  2377 | D:2      | 2377 ||| STAIRDANCE
  2381 | D:2      | 2381 ||| STAIRDANCE
  2477 | D:3      | Noticed a necrophage
  2485 | D:3      | Killed a necrophage
  2486 | D:3      | Reached XP level 5. HP: 32/32 MP: 5/5
  2509 | D:3      | 2509 ||| Stepping ~*~*~tactically~*~*~ (stealth).
  2518 | D:3      | Found a sacrificial altar of Ru.
  2603 | D:3      | Reached skill level 5 in Axes
  2773 | D:3      | 2773 ||| Stepping ~*~*~tactically~*~*~ (stealth).
  2780 | D:3      | Reached XP level 6. HP: 38/38 MP: 6/6
  2969 | D:3      | Found a runed translucent door.
  2970 | D:3      | Noticed Crazy Yiuf
  3001 | D:3      | Found a transporter.
  3004 | D:3      | Noticed qw's ghost (amateur GrFi)
  3005 | D:3      | Found a transporter.
  3272 | D:3      | 3272 ||| UPGRADING to +4 ring mail.
  3282 | D:3      | 3282 ||| DROPPING +0 scale mail.
  3283 | D:3      | 3283 ||| UPGRADING to +4 ring of evasion.
  3284 | D:3      | 3284 ||| READING scroll labelled UPSOEN BEIXUIMM.
  3285 | D:3      | 3285 ||| READING scroll labelled BETZIH GIQIP.
  3286 | D:3      | 3286 ||| DRINKING 3 fizzy pink potions.
  3395 | D:4      | 3395 ||| STAIRDANCE
  3545 | D:4      | Noticed Blork the orc
  3552 | D:4      | Killed Blork the orc
  3553 | D:4      | Reached skill level 1 in Dodging
  3740 | D:4      | 3740 ||| FLEEEEING.
  3741 | D:4      | 3741 ||| FLEEEEING.
  3742 | D:4      | 3742 ||| FLEEEEING.
  3743 | D:4      | 3743 ||| FLEEEEING.
  3744 | D:4      | 3744 ||| FLEEEEING.
  3745 | D:4      | 3745 ||| FLEEEEING.
  3746 | D:4      | 3746 ||| FLEEEEING.
  3747 | D:4      | 3747 ||| FLEEEEING.
  3748 | D:4      | 3748 ||| FLEEEEING.
  3749 | D:4      | 3749 ||| FLEEEEING.
  3750 | D:4      | 3750 ||| FLEEEEING.
  3751 | D:4      | 3751 ||| FLEEEEING.
  3752 | D:4      | 3752 ||| FLEEEEING.
  3753 | D:4      | 3753 ||| FLEEEEING.
  3754 | D:4      | 3754 ||| FLEEEEING.
  3755 | D:4      | 3755 ||| FLEEEEING.
  3756 | D:4      | 3756 ||| FLEEEEING.
  3757 | D:4      | 3757 ||| STAIRDANCE
  3976 | D:3      | 3976 ||| READING scroll labelled JATYT ISIQU.
  3977 | D:3      | 3977 ||| READING 2 scrolls of identify.
  3977 | D:3      | 3977 ||| IDENTIFYING fizzy grey potion
  3978 | D:3      | 3978 ||| DROPPING potion of flight.
  4088 | D:4      | Found a radiant altar of Vehumet.
  4226 | D:4      | 4226 ||| UPGRADING to +0 cloak.
  4231 | D:4      | 4231 ||| UPGRADING to +0 chain mail.
  4241 | D:4      | 4241 ||| DROPPING +4 ring mail.
  4245 | D:5      | Entered Level 5 of the Dungeon
  4359 | D:5      | Reached XP level 7. HP: 41/43 MP: 7/7
  4359 | D:5      | 4359 ||| Stepping ~*~*~tactically~*~*~ (stealth).
  4362 | D:5      | 4362 ||| Stepping ~*~*~tactically~*~*~ (stealth).
  4379 | D:5      | 4379 ||| Stepping ~*~*~tactically~*~*~ (stealth).
  4380 | D:5      | 4380 ||| Stepping ~*~*~tactically~*~*~ (stealth).
  4398 | D:5      | 4398 ||| Stepping ~*~*~tactically~*~*~ (stealth).
  4425 | D:5      | Reached skill level 6 in Axes
  4510 | D:5      | Noticed Dowan
  4510 | D:5      | Noticed Duvessa
  4511 | D:5      | 4511 ||| Stepping ~*~*~tactically~*~*~ (hiding).
  4513 | D:5      | 4513 ||| Stepping ~*~*~tactically~*~*~ (hiding).
  4514 | D:5      | 4514 ||| Stepping ~*~*~tactically~*~*~ (hiding).
  4524 | D:5      | Killed Duvessa
  4531 | D:5      | Killed Dowan
  4679 | D:5      | Reached skill level 7 in Axes
  4720 | D:5      | Noticed Eustachio
  4742 | D:5      | Killed Eustachio
  4743 | D:5      | Reached XP level 8. HP: 39/49 MP: 8/8
  4855 | D:5      | Identified the +2 helmet of Ru's Benevolence {Str+4 Dex+5}
  4884 | D:5      | Noticed Menkaure
  4885 | D:5      | 4885 ||| Stepping ~*~*~tactically~*~*~ (hiding).
  4897 | D:5      | Killed Menkaure
  5067 | D:5      | 5067 ||| UPGRADING to +2 helmet of Ru's Benevolence {Str+4
                  | Dex+5}.
  5072 | D:5      | 5072 ||| READING scroll labelled CEUMAMNUOD.
  5073 | D:5      | 5073 ||| READING 3 scrolls of identify.
  5073 | D:5      | 5073 ||| IDENTIFYING metallic blue potion
  5074 | D:5      | 5074 ||| READING 2 scrolls of identify.
  5074 | D:5      | 5074 ||| IDENTIFYING fizzy dark potion
  5075 | D:5      | 5075 ||| DROPPING potion of ambrosia.
  5093 | D:6      | 5093 ||| PLANNING OSSUARY
  5414 | D:6      | 5414 ||| Stepping ~*~*~tactically~*~*~ (hiding).
  5580 | D:6      | Noticed a two-headed ogre
  5584 | D:6      | Killed a two-headed ogre
  5585 | D:6      | Reached skill level 8 in Axes
  5585 | D:6      | Reached XP level 9. HP: 25/54 MP: 9/9
  5804 | D:6      | 5804 ||| RIP OSSUARY
  5858 | D:6      | 5858 ||| PLANNING D:1-11
  6208 | D:6      | 6208 ||| Stepping ~*~*~tactically~*~*~ (stealth).
  6209 | D:6      | 6209 ||| Stepping ~*~*~tactically~*~*~ (stealth).
  6221 | D:6      | Reached skill level 6 in Fighting
  6483 | D:6      | Reached skill level 9 in Axes
  6875 | D:6      | 6875 ||| DRINKING 2 pink potions.
  6921 | D:7      | 6921 ||| STAIRDANCE
  6928 | D:7      | 6928 ||| STAIRDANCE
  7040 | D:7      | Found a hide-covered altar of Uskayaw.
  7809 | D:7      | Found a staircase to the Ecumenical Temple.
  7810 | D:7      | 7810 ||| PLANNING TEMPLE
  7810 | D:7      | 7810 ||| UPGRADING to +0 plate armour.
  7820 | D:7      | 7820 ||| DROPPING +0 chain mail.
  7821 | D:7      | 7821 ||| READING scroll labelled PEGOINEQIS.
  7822 | D:7      | 7822 ||| READING scroll labelled CAITOSS RUCLOU.
  7832 | Temple   | Entered the Ecumenical Temple
  7832 | Temple   | Found a transporter.
  7832 | Temple   | Found a transporter.
  7834 | Temple   | Found a transporter.
  7834 | Temple   | Found a transporter.
  7844 | Temple   | 7844 ||| PLANNING D:1-11
  8103 | D:7      | 8103 ||| Stepping ~*~*~tactically~*~*~ (hiding).
  8241 | D:8      | 8241 ||| STAIRDANCE
  8249 | D:8      | 8249 ||| STAIRDANCE
  8272 | D:8      | 8272 ||| STAIRDANCE
  8311 | D:8      | Reached skill level 6 in Armour
  8346 | D:8      | 8346 ||| Stepping ~*~*~tactically~*~*~ (stealth).
  8349 | D:8      | 8349 ||| Stepping ~*~*~tactically~*~*~ (stealth).
  8453 | D:8      | 8453 ||| Stepping ~*~*~tactically~*~*~ (hiding).
  8489 | D:8      | 8489 ||| READING scroll of enchant armour.
  8489 | D:8      | 8489 ||| ENCHANTING +0 cloak.
  8609 | D:8      | Noticed a hornet
  8631 | D:8      | Killed a hornet
  8645 | D:8      | 8645 ||| FLEEEEING.
  8646 | D:8      | 8646 ||| FLEEEEING.
  8647 | D:8      | 8647 ||| FLEEEEING.
  8648 | D:8      | 8648 ||| FLEEEEING.
  8650 | D:8      | 8650 ||| FLEEEEING.
  8651 | D:8      | 8651 ||| FLEEEEING.
  8652 | D:8      | 8652 ||| FLEEEEING.
  8653 | D:8      | 8653 ||| FLEEEEING.
  8654 | D:8      | 8654 ||| FLEEEEING.
  8655 | D:8      | 8655 ||| FLEEEEING.
  8662 | D:8      | 8662 ||| FLEEEEING.
  8663 | D:8      | 8663 ||| FLEEEEING.
  8664 | D:8      | 8664 ||| FLEEEEING.
  8665 | D:8      | 8665 ||| FLEEEEING.
  8666 | D:8      | 8666 ||| FLEEEEING.
  8667 | D:8      | 8667 ||| FLEEEEING.
  8681 | D:8      | 8681 ||| FLEEEEING.
  8683 | D:8      | 8683 ||| FLEEEEING.
  8684 | D:8      | 8684 ||| FLEEEEING.
  8685 | D:8      | 8685 ||| FLEEEEING.
  8686 | D:8      | 8686 ||| FLEEEEING.
  8687 | D:8      | 8687 ||| FLEEEEING.
  8688 | D:8      | 8688 ||| FLEEEEING.
  8689 | D:8      | 8689 ||| FLEEEEING.
  8691 | D:8      | 8691 ||| FLEEEEING.
  8692 | D:8      | 8692 ||| FLEEEEING.
  8694 | D:8      | 8694 ||| FLEEEEING.
  8695 | D:8      | 8695 ||| FLEEEEING.
  8799 | D:8      | Found a glowing golden altar of the Shining One.
  8857 | D:8      | 8857 ||| Stepping ~*~*~tactically~*~*~ (hiding).
  8864 | D:8      | Reached XP level 10. HP: 60/63 MP: 10/10
  8920 | D:8      | 8920 ||| Stepping ~*~*~tactically~*~*~ (hiding).
  8931 | D:8      | Reached skill level 10 in Axes
  8967 | D:8      | Noticed Maggie
  8968 | D:8      | 8968 ||| Stepping ~*~*~tactically~*~*~ (hiding).
  8981 | D:8      | Killed Maggie
  9087 | D:8      | 9087 ||| DRINKING 2 bubbling red potions.
  9088 | D:8      | 9088 ||| DRINKING 2 coppery potions.
  9089 | D:8      | 9089 ||| READING 2 scrolls of identify.
  9089 | D:8      | 9089 ||| IDENTIFYING green potion
  9090 | D:8      | 9090 ||| DROPPING potion of invisibility.
  9124 | D:9      | 9124 ||| STAIRDANCE
  9240 | D:9      | 9240 ||| STAIRDANCE
  9451 | D:9      | 9451 ||| Stepping ~*~*~tactically~*~*~ (stealth).
  9476 | D:9      | Found a large runed translucent door.
  9476 | D:9      | Found a large runed translucent door.
  9477 | D:9      | 9477 ||| Stepping ~*~*~tactically~*~*~ (stealth).
  9491 | D:9      | Reached skill level 3 in Throwing
  9559 | D:9      | 9559 ||| Stepping ~*~*~tactically~*~*~ (hiding).
  9598 | D:9      | 9598 ||| Stepping ~*~*~tactically~*~*~ (hiding).
  9599 | D:9      | Noticed Harold
  9613 | D:9      | HP: 16/64 [orc warrior/+0 hand axe (6)]
  9614 | D:9      | 9614 ||| READING 3 scrolls of teleportation.
  9614 | D:9      | HP: 1/64 [orc priest/divine providence (15)]
  9615 | D:9      | 9615 ||| DRINKING potion of heal wounds.
  9622 | D:9      | 9622 ||| READING 2 scrolls of teleportation.
  9624 | D:9      | HP: 4/64 [orc warrior/+0 hand axe (5)]
  9626 | D:9      | Slain by Harold

Levels and vault maps discovered:
D:1:      spicycebolla_arrival_ecumenical, layout_basic, serial_forest,
          infiniplex_forest_lined_room_3, infiniplex_forest_lined_room_2,
          infiniplex_forest_clump_medium, infiniplex_forest_clump_diagonal,
          infiniplex_forest_end_2, infiniplex_forest_3_way,
          infiniplex_forest_lined_2, infiniplex_forest_side_room
D:2:      layout_loops_cross, minmay_divided_ellipse
D:3:      layout_basic, nicolae_ru_awakened_eye, gammafunk_ghost_smash,
          uniq_crazy_yiuf_cottage
D:4:      layout_rooms, kennysheep_mini_moat, uniq_blork_the_orc
D:5:      layout_rooms, uniq_duvessa, uniq_eustachio, uniq_menkaure
D:6:      layout_layer_cave, nicolae_ossuary_entry_monument
D:7:      layout_layer_cave, mainiacjoe_overflow_paths,
          minmay_temple_entry_enclosed_plants
D:8:      layout_basic, kennysheep_little_box, uniq_maggie
D:9:      layout_rooms, jmf_multi_god_temple2, erik_lair_orcish_takeover,
          hex_intersection, uniq_harold
Temple:   hellmonk_temple_divided_pantheon

Skill      XL: |  1  2  3  4  5  6  7  8  9 10 |
---------------+-------------------------------+-----
Axes           | 2 3 4 5 7 8 9 10 | 10.8
Throwing       | 1 2 3 |  3.0
Dodging        | 1 2 |  2.0
Fighting       | 4 5 7 8 |  8.1
Armour         | 4 6 7 |  7.0
Shields        | 4 5 |  5.0

Action                   |  1- 3 |  4- 6 |  7- 9 | 10-12 || total
-------------------------+-------+-------+-------+-------++-------
Melee: War axe           |    57 |       |       |       ||    57
       Broad axe         |    25 |   132 |   228 |    94 ||   479
Throw: Javelin           |       |    28 |    23 |     3 ||    54
  Use: Scroll            |     7 |     8 |     6 |     3 ||    24
       Potion            |       |     1 |     1 |     3 ||     5
Armor: Scale mail        |    32 |    58 |       |       ||    90
       Ring mail         |       |     6 |       |       ||     6
       Chain mail        |       |     3 |    57 |       ||    60
       Plate armour      |       |       |    50 |    64 ||   114
Dodge: Dodged            |    38 |    68 |   107 |    53 ||   266
Block: Buckler           |    15 |    23 |    51 |    25 ||   114

Table legend:
 A = Non-vault XP
 B = Vault XP
 C = Vault XP percentage of total XP
 D = Non-vault monster count
 E = Vault monster count
 F = Vault count percentage of total count
                 A         B        C        D         E       F
            +---------+---------+-------+---------+---------+-------
      Total |    6196 |    1680 |  21.3 |     174 |      27 |  13.4
            +---------+---------+-------+---------+---------+-------
        D:1 |      38 |       0 |   0.0 |      21 |       0 |   0.0
        D:2 |      63 |      42 |  40.0 |      15 |      13 |  46.4
        D:3 |     193 |       0 |   0.0 |      24 |       0 |   0.0
        D:4 |      73 |      91 |  55.5 |       9 |       1 |  10.0
        D:5 |     361 |     582 |  61.7 |       9 |       4 |  30.8
        D:6 |    1417 |       0 |   0.0 |      23 |       0 |   0.0
        D:7 |     768 |       0 |   0.0 |      16 |       0 |   0.0
        D:8 |    1552 |     379 |  19.6 |      36 |       1 |   2.7
        D:9 |    1731 |     586 |  25.3 |      21 |       8 |  27.6
            +---------+---------+-------+---------+---------+-------
